 Dungeon Crawl Stone Soup version 0.22.1-1-ga44c0e5 (webtiles) character file.

4538 lysyklops the Fighter (level 10, -5/94 HPs)
             Began as a Minotaur Berserker on Oct 2, 2018.
             Was a High Priest of Trog.
             Slain by a gnoll shaman
             ... wielding a +0 halberd
              (9 damage)
             ... in a bailey.
             The game lasted 00:15:42 (7883 turns).

lysyklops the Fighter (Minotaur Berserker)          Turns: 7883, Time: 00:15:43

Health: -5/94      AC: 11    Str: 25    XL:     10   Next: 17%
Magic:  9/9        EV: 12    Int:  4    God:    Trog [*****.]
Gold:   152        SH:  0    Dex: 10    Spells: 9/9 levels left

rFire    x x .     SeeInvis .   E - +0 war axe
rCold    + + +     Gourm    .   (no shield)
rNeg     . . .     Faith    .   j - +3 ring mail {rC+}
rPois    .         Spirit   .   (helmet restricted)
rElec    .         Reflect  .   o - +0 cloak
rCorr    .         Harm     .   (no gloves)
MR       .....                  (no boots)
Stlth    ..........             (no amulet)
HPRegen  0.25/turn              s - ring of ice
MPRegen  0.11/turn              e - ring of ice

@: berserk cooldown, slowed, very slow
A: retaliatory headbutt, horns 2
a: Berserk, Trog's Hand, Brothers in Arms, Renounce Religion


You were in a bailey.
You worshipped Trog.
Trog was extremely pleased with you.
You were hungry.

You visited 1 branch of the dungeon, and saw 9 of its levels.
You also visited: Bailey.

You collected 350 gold pieces.
You spent 198 gold pieces at shops.

Inventory:

Hand Weapons
 E - a +0 war axe (weapon)
Armour
 j - a +3 ring mail of cold resistance (worn)
 o - a +0 cloak (worn)
 D - a +0 ring mail of fire resistance
Jewellery
 e - a ring of ice (right hand)
 g - an uncursed ring of stealth
 s - a ring of ice (left hand)
Wands
 a - a wand of enslavement (11)
 C - a wand of flame (24)
Scrolls
 b - 3 scrolls of identify
 f - a scroll of fear {unknown}
 m - a scroll of enchant armour {unknown}
 n - 2 scrolls of amnesia {unknown}
 t - 2 scrolls of remove curse
 u - 7 scrolls of teleportation
 w - a scroll of magic mapping {unknown}
 x - 2 scrolls of immolation {unknown}
 y - 3 scrolls of noise {unknown}
 A - a scroll of fog {unknown}
Potions
 d - 2 potions of heal wounds {unknown}
 h - 3 potions of mutation
 i - 5 potions of curing {unknown}
 k - a potion of agility {unknown}
 l - 2 potions of flight {unknown}
 q - 2 potions of degeneration {unknown}
 r - 3 potions of brilliance {unknown}
 v - 6 potions of might
 z - a potion of resistance {unknown}
 B - a potion of lignification {unknown}
Comestibles
 c - 16 rations
 p - 6 chunks of flesh


   Skills:
 + Level 10.8 Fighting
 + Level 10.7 Axes
 + Level 10.4 Armour
 - Level 2.4 Dodging


You had 9 spell levels left.
You didn't know any spells.
Your spell library was empty.

Dungeon Overview and Level Annotations

Branches:
Dungeon (9/15)             Temple (0/1) D:6
   Lair: D:8-11         Orc: D:9-12

Altars:
Dithmenos
Ru
Trog
Wu Jian

Shops:
D:6 *

Annotations:
D:3 3 runed doors, Anon1729's ghost, weakling NaGl; mandick's ghost, amateur DsTm; zapotec's ghost, amateur OpTm
D:8 3 runed doors, mandick's ghost, novice DsGl


Innate Abilities, Weirdness & Mutations

You reflexively headbutt those who attack you in melee.
You have a pair of horns on your head.


Message History

Trog accepts your kill.
The gnoll sergeant hits you from afar with a glaive.
The gnoll shaman hits you from afar with a trident.
* * * LOW HITPOINT WARNING * * *
The gnoll misses you. The gnoll shaman closely misses you.
The gnoll hits you from afar with a trident.
* * * LOW HITPOINT WARNING * * *
The gnoll shaman misses you. You furiously retaliate!
You headbutt the gnoll shaman! The gnoll closely misses you.
The gnoll misses you.
The gnoll sergeant hits you with a glaive!
* * * LOW HITPOINT WARNING * * *
The gnoll closely misses you.
The gnoll hits you from afar with a halberd.
* * * LOW HITPOINT WARNING * * *
There is an open door, spattered with blood here.
Things that are here:
a halberd; a ring mail The gnoll shaman hits you from afar with a halberd!
You die...

♣♣♣♣♣♣♣♣♣♣♣♣♣♣♣♣♣
≈≈≈≈≈≈≈≈≈≈≈≈≈≈≈≈♣
..............≈≈
......(........≈
####(..#####..≈
#.).#gg.##
+.)))gg..#
#..@#gg...#
##'##gg..8#
##...##....#
##.....##...#
#.......#...#
#...8...# ..#
#...)...# ..#
##.))).## ##)(.##


You could see a gnoll sergeant, a gnoll shaman and 2 gnolls.

Vanquished Creatures
  Harold (D:7)
  A hippogriff (D:8)
  The ghost of Folque the Bolt Thrower, an amateur KoHu of Uskayaw (D:4)
  A human (D:7)
  4 hogs (D:7)
  Duvessa (D:7)
  3 orc warriors
  2 ice beasts
  2 ogres
  A centaur (D:8)
  A big kobold (D:7)
  3 gnoll sergeants (Bailey)
  5 bullfrogs
  2 scorpions
  Dowan (D:7)
  A wight (D:7)
  A crimson imp (D:6)
  8 hounds
  A bullfrog zombie (D:6)
  A quasit (D:8)
  Crazy Yiuf (D:2)
  3 orc priests (D:5)
  A centaur skeleton (D:5)
  3 orc wizards
  2 gnoll shamans (Bailey)
  3 iguanas
  6 worker ants
  2 worker ant zombies (D:7)
  5 adders
  11 gnolls
  A shadow imp (D:5)
  2 oozes
  8 worms
  2 dart slugs (D:2)
  7 leopard geckos
  26 orcs
  2 ball pythons (D:1)
  5 bats
  15 giant cockroaches
  5 goblins
  5 hobgoblins
  8 jackals
  18 kobolds
  2 quokkas
  6 frilled lizards
  A jackal skeleton (D:6)
  A quokka zombie (D:6)
  5 rats
197 creatures vanquished.

Vanquished Creatures (others)
  A withered plant (D:3)
1 creature vanquished.

Grand Total: 198 creatures vanquished

Notes
Turn   | Place    | Note
-------+----------+-------------------------------------------
     0 | D:1      | lysyklops the Minotaur Berserker began the quest for the
                  | Orb.
     0 | D:1      | Reached XP level 1. HP: 19/19 MP: 0/0
    65 | D:1      | Reached XP level 2. HP: 17/27 MP: 1/1
   880 | D:1      | Reached ** piety under Trog
  1118 | D:2      | Reached XP level 3. HP: 31/33 MP: 2/2
  1373 | D:2      | Reached XP level 4. HP: 35/41 MP: 3/3
  1615 | D:2      | Found a runed door.
  1705 | D:2      | Found an ornate altar of the Wu Jian Council.
  1835 | D:2      | Found a sacrificial altar of Ru.
  1986 | D:2      | Found a bloodstained altar of Trog.
  2035 | D:2      | Noticed Crazy Yiuf
  2043 | D:2      | Killed Crazy Yiuf
  2142 | D:3      | Reached *** piety under Trog
  2153 | D:3      | Found a shadowy altar of Dithmenos.
  2215 | D:3      | Found a runed gate.
  2217 | D:3      | Found a runed gate.
  2220 | D:3      | Found a runed gate.
  2220 | D:3      | Noticed Anon1729's ghost (weakling NaGl)
  2221 | D:3      | Noticed mandick's ghost (amateur DsTm)
  2221 | D:3      | Noticed zapotec's ghost (amateur OpTm)
  2688 | D:4      | Reached XP level 5. HP: 47/47 MP: 4/4
  2723 | D:4      | Reached skill level 5 in Fighting
  2723 | D:4      | Reached skill level 5 in Axes
  2759 | D:4      | Noticed an ogre
  2766 | D:4      | Killed an ogre
  2856 | D:4      | Reached XP level 6. HP: 47/56 MP: 5/5
  3218 | D:4      | Found a runed door.
  3218 | D:4      | Noticed Folque's ghost (amateur KoHu)
  3240 | D:4      | Killed Folque's ghost
  3240 | D:4      | Reached skill level 5 in Armour
  3330 | D:4      | Noticed an ice beast
  3350 | D:4      | Killed an ice beast
  3350 | D:4      | Reached XP level 7. HP: 64/64 MP: 6/6
  3611 | D:5      | Entered Level 5 of the Dungeon
  4152 | D:5      | Reached **** piety under Trog
  4174 | D:5      | Reached XP level 8. HP: 33/73 MP: 7/7
  5162 | D:6      | Found Vyhau's General Store.
  5165 | D:6      | Bought 2 scrolls of identify for 44 gold pieces
  5165 | D:6      | Bought a potion of mutation for 88 gold pieces
  5165 | D:6      | Bought a scroll of remove curse for 33 gold pieces
  5165 | D:6      | Bought a scroll of teleportation for 33 gold pieces
  5183 | D:6      | Found a staircase to the Ecumenical Temple.
  5523 | D:7      | Noticed Duvessa
  5524 | D:7      | Noticed Dowan
  5538 | D:7      | Killed Dowan
  5539 | D:7      | Killed Duvessa
  6079 | D:7      | Reached XP level 9. HP: 66/83 MP: 8/8
  6475 | D:7      | Noticed Harold
  6502 | D:7      | Killed Harold
  6502 | D:7      | Reached skill level 10 in Fighting
  6502 | D:7      | Reached skill level 10 in Axes
  6833 | D:8      | Reached skill level 10 in Armour
  6924 | D:8      | Found a runed gate.
  6924 | D:8      | Found a runed gate.
  6924 | D:8      | Found a runed gate.
  6924 | D:8      | Noticed mandick's ghost (novice DsGl)
  6958 | D:8      | Reached XP level 10. HP: 72/94 MP: 9/9
  7102 | D:8      | Reached ***** piety under Trog
  7659 | D:9      | Found a flagged portal.
  7666 | Bailey   | Entered a bailey
  7708 | Bailey   | Received a gift from Trog
  7882 | Bailey   | HP: 4/94 [gnoll/halberd (2)]
  7883 | Bailey   | Slain by a gnoll shaman

Skill      XL: |  1  2  3  4  5  6  7  8  9 |
---------------+----------------------------+-----
Fighting       | 4 5 6 7 9 10 | 10.8
Axes           | 4 5 6 7 8 10 | 10.7
Armour         | 3 4 5 6 8 10 | 10.4
Dodging        | |  2.4

Action                   |  1- 3 |  4- 6 |  7- 9 | 10-12 || total
-------------------------+-------+-------+-------+-------++-------
Melee: Hand axe          |    91 |   126 |   314 |     9 ||   540
       Headbutt          |    13 |    24 |    71 |    21 ||   129
       War axe           |       |       |       |    65 ||    65
Invok: Berserk           |       |     2 |     4 |     2 ||     8
  Use: Scroll            |       |       |     1 |       ||     1
  Eat: Chunk             |     2 |     7 |    16 |     4 ||    29
Armor: Animal skin       |    20 |       |       |       ||    20
       Ring mail         |       |    29 |    71 |    36 ||   136
Dodge: Dodged            |    60 |    76 |   141 |    96 ||   373
